 Dungeon Crawl Stone Soup version 0.31-a0-544-gceb718ecc6 (webtiles) character file.

Game seed: 2536944841806271460

89 LeprechaunX the Changeling (level 4, -1/29 HPs)
             Began as an Octopode Shapeshifter on Aug 16, 2023.
             Slain by Grinder (5 damage)
             ... on level 3 of the Dungeon.
             The game lasted 00:01:42 (1802 turns).

LeprechaunX the Changeling (Octopode Shapeshifter)  Turns: 1802, Time: 00:01:42

Health: -1/29      AC:  1    Str: 16    XL:     4   Next: 55%
Magic:  4/4        EV: 13    Int: 10    God:
Gold:   88         SH:  0    Dex: 12    Spells: 3/3 levels left

rFire   . .          .
                       - Unarmed
rCold   . . .        (no shield)
rNeg    . . .        (helmet currently unavailable)
rPois   .            (no amulet)
rElec   .            (no ring)
rCorr   .            (no ring)
SInv    .            (no ring)
Will    .....        (no ring)
Stlth   ++           (no ring)
HPRegen 0.24/turn    (no ring)
MPRegen 0.09/turn    (no ring)
                     (no ring)

%: no passive effects
@: beast-form
A: beast (slay +2), almost no armour, amphibious, 8 rings, camouflage 1,
gelatinous body 1, (nimble swimmer 1), tentacles
a: Begin Untransformation


You were on level 3 of the Dungeon.
You were a hulking beast.
You visited 1 branch of the dungeon, and saw 3 of its levels.

You collected 88 gold pieces.

Inventory:

Talismans
 b - a beast talisman (active)
 c - a flux talisman
Scrolls
 d - a scroll of identify {unknown}
 e - 2 scrolls of teleportation {unknown}
 g - a scroll of revelation {unknown}
 i - a scroll of fog {unknown}
 k - 2 scrolls of enchant weapon {unknown}
Potions
 a - 2 potions of lignification
 f - a potion of magic {unknown}
 h - a potion of degeneration {unknown}
 j - a potion of curing {unknown}


   Skills:
 + Level 2.0 Fighting
 + Level 0.1 Throwing
 + Level 2.6 Dodging
 + Level 3.5 Unarmed Combat
 * Level 3.7 Shapeshifting


You had 3 spell levels left.
You didn't know any spells.
Your spell library contained the following spells:

 Spells                   Type           Power      Damage    Failure   Level
 Cigotuvi's Dreadful Rot  Necr/Pois/Air  0%         N/A       50%         2
 Ignite Poison            Fire/Tmut/Pois 0%         N/A       75%         3
 Freezing Cloud           Conj/Ice/Air   0%         6-21      100%        5


Dungeon Overview and Level Annotations

Branches:
Dungeon (3/15)

Altars:

Shops:
D:2 (

Annotations:
D:2 1 runed translucent door, Crazy Yiuf
D:3 Grinder


Innate Abilities, Weirdness & Mutations

You are a hulking beast.
Your limbs bulge with bestial killing power. (Slay +2)
You cannot wear most types of armour.
You are amphibious.
You can wear up to eight rings at the same time.
Your skin changes colour to match your surroundings (Stealth+).
Your rubbery body absorbs attacks. (AC +1, EV +1)
((You are camouflaged when in or above water. (Stealth+)))
You have tentacles for arms and can constrict up to eight enemies at once.


Message History

Things that are here:
a +0 hand axe; a +0 dagger; an orc corpse
Found a stone staircase leading down.
There is a stone staircase leading down here.
Found 3 stones.
Grinder comes into view.
Grinder shouts!
Grinder is nearby!
Throw: 3 javelins
Press: ? - help, Q - select action Shift-Dir - straight line, f - Grinder
Aim: Grinder (55% to hit)
You throw a javelin. The javelin pierces through Grinder.
Grinder is lightly wounded.
Grinder gestures at you. Pain shoots through your body!
Throw: 2 javelins
Press: ? - help, Q - select action Shift-Dir - straight line, f/p - Grinder
Aim: Grinder (lightly wounded, 53% to hit)
You throw a javelin. The javelin pierces through Grinder.
Grinder is lightly wounded.
Throw: javelin
Press: ? - help, Q - select action Shift-Dir - straight line, f/p - Grinder
Aim: Grinder (lightly wounded, 53% to hit)
You throw a javelin. The javelin closely misses Grinder.
You tentacle-slap Grinder but do no damage.
Your grab misses Grinder.
Grinder is lightly wounded.
Grinder hits you.
You writhe in agony.
You barely miss Grinder. You grab Grinder. You constrict Grinder.
Grinder closely misses you.
You tentacle-slap Grinder but do no damage.
You squeeze Grinder.
Grinder is lightly wounded.
You constrict Grinder. Grinder barely misses you.
You tentacle-slap Grinder but do no damage.
Grinder is moderately wounded.
You constrict Grinder. Grinder hits you!
* * * LOW HITPOINT WARNING * * *
You writhe in agony.
You die...

###.###.##.##.#
#.###.##<##.#
#........##.#
#####.#####.#
#.# #.# #.# #.#
#.# #.# #.#
##.## #.# #5h.#
#..((..#....#
(.####. .##(#
## ## #


You could see Grinder.

Vanquished Creatures
  Jessica (D:2)
  An adder (D:2)
  A worm (D:2)
  A dart slug (D:2)
  3 orcs (D:3)
  4 endoplasms
  4 giant cockroaches
  3 goblins
  7 hobgoblins
  A jackal (D:1)
  A quokka (D:2)
  4 ball pythons
  4 bats
  3 frilled lizards
  5 kobolds
  2 rats (D:1)
45 creatures vanquished.

Notes
Turn   | Place    | Note
-------+----------+-------------------------------------------
     0 | D:1      | LeprechaunX the Octopode Shapeshifter began the quest for
                  | the Orb.
     0 | D:1      | Reached XP level 1. HP: 13/13 MP: 1/1
   107 | D:1      | Reached XP level 2. HP: 15/18 MP: 2/2
   644 | D:1      | Reached XP level 3. HP: 23/23 MP: 3/3
   994 | D:2      | Found Noceixuq's Antique Weapon Shop.
  1149 | D:2      | Noticed Jessica
  1162 | D:2      | Killed Jessica
  1163 | D:2      | Reached XP level 4. HP: 18/29 MP: 4/4
  1594 | D:2      | Found a runed translucent door.
  1595 | D:2      | Noticed Crazy Yiuf
  1795 | D:3      | Noticed Grinder
  1802 | D:3      | Slain by Grinder

Illustrated notes

Levels and vault maps discovered:
D:1:      eino_arrival_water_cross, layout_basic, minmay_unequal
D:2:      layout_loops_ring, serial_shops, shop, nrook_campfire,
          uniq_crazy_yiuf_cottage, uniq_jessica
D:3:      layout_loops_ring, old_standard_altar, uniq_robin, uniq_grinder,
          uniq_natasha

Skill      XL: |  1  2  3  4 |
---------------+-------------+-----
Fighting       | 2 |  2.0
Throwing       | |  0.1
Dodging        | |  2.6
Unarmed Combat | |  3.5
Shapeshifting  | |  3.7

Action                     |  1- 3 |  4- 6 || total
---------------------------+-------+-------++-------
  Melee: Unarmed           |    69 |    27 ||    96
         Constrict         |    18 |     8 ||    26
         Tentacles         |    10 |     7 ||    17
         Punch             |     3 |     1 ||     4
  Throw: Javelin           |       |     3 ||     3
   Stab: Sleeping          |     6 |     6 ||    12
 Armour: Skin              |     5 |       ||     5
  Dodge: Dodged            |    38 |    14 ||    52

Table legend: (Time is in decaauts)
 A = Elapsed time spent in this place.
 B = Non-inter-level travel time spent in this place.
 C = Inter-level travel time spent in this place.
 D = Time resting spent in this place.
 E = Time spent auto-exploring this place.
 F = Levels seen in this place.
 G = Mean time per level.
                   A        B        C        D        E       F      G
               +--------+--------+--------+--------+--------+-----+--------+
         Total |   1797 |   1732 |     65 |      0 |   1460 |   3 |  599.0 |
       Dungeon |   1797 |   1732 |     65 |      0 |   1460 |   3 |  599.0 |
               +--------+--------+--------+--------+--------+-----+--------+

Top non-repeatable levels by time:
     D:1: 876 daAuts
     D:2: 867 daAuts
     D:3: 52 daAuts
